 Dungeon Crawl Stone Soup version 0.20-b1-2-gc5a9893 (webtiles) character file.

10813 Hook the Thaumaturge (level 11, -9/72 HPs)
             Began as a Demonspawn Fire Elementalist on May 22, 2017.
             Was an Elder of Vehumet.
             Mangled by a two-headed ogre
             ... wielding a +0 giant spiked club
              (19 damage)
             ... on level 10 of the Dungeon.
             The game lasted 01:23:54 (17241 turns).

Hook the Thaumaturge (DsFE)                        Turns: 17241, Time: 01:23:55

Health: -9/72      AC: 11    Str: 10    XL:     11   Next: 41%
Magic:  20/24      EV: 15    Int: 18    God:    Vehumet [****..]
Gold:   501        SH:  0    Dex: 14    Spells: 1/28 levels left

rFire    + . .     SeeInvis .   m - +2 rapier
rCold    . . .     Gourm    .   (no shield)
rNeg     . . .     Faith    +   y - +3 leather armour {MR+}
rPois    .         Spirit   .   (helmet restricted)
rElec    .         Reflect  .   (no cloak)
rCorr    .         Harm     .   g - +1 pair of gloves
MR       ++...                  (no boots)
Stlth    ++........             E - amulet of faith
Regen    0.3/turn               r - ring of protection from magic
MPRegen  0.2/turn               u - ring of fire

@: no status effects
A: horns 2, thin metallic scales 2, cold resistance 1, demonic guardian 1
a: Renounce Religion


You were on level 10 of the Dungeon.
You worshipped Vehumet.
Vehumet was greatly pleased with you.
You were not hungry.

You visited 3 branches of the dungeon, and saw 13 of its levels.

You collected 501 gold pieces.

Inventory:

Hand Weapons
 m - a +2 rapier (weapon)
Missiles
 n - 125 stones (quivered)
 z - a throwing net
Armour
 a - a +1 robe
 g - a +1 pair of gloves (worn)
 y - a +3 leather armour of magic resistance (worn)
Jewellery
 r - a ring of protection from magic (left hand)
 u - a ring of fire (right hand)
 E - an amulet of faith (around neck)
Wands
 e - a wand of digging (14/24)
 s - a wand of polymorph (12/24)
 t - a wand of random effects (25/48)
 w - a wand of iceblast (1/15)
 C - a wand of flame (42/48)
 F - a wand of polymorph (7/24)
 G - a wand of random effects (19/48)
Scrolls
 f - a scroll of amnesia
 l - a scroll of recharging
 x - 2 scrolls of identify
 B - a scroll of teleportation
Potions
 h - 2 potions of brilliance
 i - a potion of cancellation
 o - 3 potions of curing
 p - a potion of haste {unknown}
 v - a potion of might {unknown}
 D - 2 potions of mutation {unknown}
Books
 b - a book of Flames

   Spells                             Type                      Level
   a - Flame Tongue                   Conjuration/Fire             1
   b - Throw Flame                    Conjuration/Fire             2
   c - Conjure Flame                  Conjuration/Fire             3
   d - Inner Flame                    Hexes/Fire                   3
   e - Sticky Flame                   Conjuration/Fire             4
   f - Fireball                       Conjuration/Fire             5
 d - a book of Cantrips

   Spells                             Type                      Level
   a - Confusing Touch                Hexes                        1
   b - Animate Skeleton               Necromancy                   1
   c - Summon Small Mammal            Summoning                    1
   d - Apportation                    Translocation                1
Comestibles
 c - 4 bread rations
 j - a royal jelly
 k - 6 chunks of flesh
 q - 2 meat rations
 H - 2 fruits


   Skills:
 + Level 2.2 Fighting
 + Level 4.8 Short Blades
 + Level 2.9 Armour
 * Level 6.6 Dodging
 + Level 3.0 Stealth
 + Level 0.3 Unarmed Combat
 * Level 9.0 Spellcasting
 * Level 7.6 Conjurations
 + Level 1.7 Hexes
 + Level 1.6 Necromancy
 * Level 8.2 Fire Magic
 + Level 0.1 Air Magic
 + Level 0.2 Poison Magic


You had one spell level left.
You knew the following spells:

 Your Spells              Type           Power        Failure   Level  Hunger
a - Flame Tongue          Conj/Fire      #####        1%          1    None
b - Throw Flame           Conj/Fire      ######       1%          2    None
c - Conjure Flame         Conj/Fire      ######..     1%          3    None
d - Inner Flame           Hex/Fire       #####...     1%          3    None
e - Animate Skeleton      Necr           N/A          6%          1    None
f - Sting                 Conj/Pois      ###.         1%          1    None
g - Sticky Flame          Conj/Fire      ######..     1%          4    ###....
h - Static Discharge      Conj/Air       ###.....     1%          3    None
i - Fireball              Conj/Fire      ######....   3%          5    #####..
j - Force Lance           Conj/Tloc      ###.....     7%          4    ###....


Dungeon Overview and Level Annotations

Branches:
Dungeon (11/15)            Temple (1/1) D:5            Lair (0/6) D:8
    Orc (1/2) D:10

Altars:
Ashenzari
Dithmenos
Elyvilon
Fedhas
Gozag
Hepliaklqana
Nemelex Xobeh
Okawaru
Ru
Sif Muna
Vehumet
Xom
Yredelemnul
The Shining One


Innate Abilities, Weirdness & Mutations

You have a pair of horns on your head.
You are mostly covered in thin metallic scales. (AC +3)
Your flesh is cold resistant. (rC+)
A weak demonic guardian rushes to your aid.


Message History

The yak gores you!
You climb upwards.
There is a stone staircase leading down, spattered with blood here.
You see here a poisoned tomahawk.
Your yak skeleton barely misses the two-headed ogre.
Your yak skeleton gores the yak!
Casting: Sticky Flame
Confirm with . or Enter, or press ? or * to list all spells.
Aiming: Sticky Flame
Press: ? - help, Shift-Dir - straight line, f - two-headed ogre
Aim: a two-headed ogre, wielding two giant spiked clubs You feel a surge of power!
The sticky flame hits the two-headed ogre.
The two-headed ogre is lightly wounded.
The two-headed ogre is covered in liquid flames!
The two-headed ogre burns!
The two-headed ogre hits you with a giant spiked club!!
* * * LOW HITPOINT WARNING * * *
The two-headed ogre hits you with a giant spiked club!!
You die...

............# #.# ............#
#.# ............# #.#
.<..........# #.# ............#
#.# ............# #.#
............# #รท#
............###################.#
............Z.YO@)(............[%
..........>....[..[[.........)..%
###################..###)########
#..# #..# #..# ##(# #..####(#####
#...(.......# #..(.(......#
###################....(......###


You could see a two-headed ogre (burning), a yak and a friendly yak skeleton.

Vanquished Creatures
  Snorg (D:10)
  Harold (D:10)
  2 two-headed ogres (D:10)
  An elephant (D:7)
  A hornet (D:7)
  A hippogriff (D:10)
  4 yaks
  A wraith (D:10)
  2 wyverns
  A basilisk (D:7)
  A hungry ghost (D:10)
  A warg (D:10)
  Menkaure (D:5)
  3 water moccasins
  Duvessa (D:5)
  2 ice beasts
  2 sky beasts (D:10)
  3 black bears
  4 orc warriors (D:10)
  9 ogres
  2 phantoms
  3 centaurs
  A crocodile (D:8)
  3 big kobolds
  A wyvern zombie (D:7)
  9 bullfrogs
  Dowan (D:5)
  4 scorpions
  10 killer bees
  A howler monkey (D:6)
  5 wights (D:7)
  5 crimson imps
  A centaur zombie (D:6)
  2 bullfrog zombies
  5 hounds
  2 quasits
  6 orc priests
  A centaur skeleton (D:8)
  3 jellies
  13 orc wizards
  A bullfrog skeleton (D:5)
  An iguana (D:9)
  Terence (D:2)
  2 worker ants
  2 hound zombies
  A hound skeleton (D:8)
  2 worker ant zombies
  7 adders
  A shadow imp (D:7)
  An adder zombie (D:9)
  An ooze (D:4)
  2 adder skeletons
  2 worms
  6 leopard geckos
  51 orcs
  7 bats
  4 giant cockroaches
  5 goblins
  6 hobgoblins
  7 jackals
  17 kobolds
  9 quokkas
  3 ball pythons
  4 frilled lizards
  A leopard gecko skeleton (D:7)
  2 rats (D:2)
266 creatures vanquished.

Vanquished Creatures (collateral kills)
  A sky beast (D:8)
  A bullfrog skeleton (D:9)
  An adder skeleton (D:7)
  An orc (D:10)
  2 kobolds (D:10)
6 creatures vanquished.

Grand Total: 272 creatures vanquished

Notes
Turn   | Place    | Note
-------+----------+-------------------------------------------
     0 | D:1      | Hook the Demonspawn Fire Elementalist began the quest for the Orb.
     0 | D:1      | Reached XP level 1. HP: 13/13 MP: 3/3
   387 | D:1      | Gained mutation: You have a pair of small horns on your head. [demonic ancestry]
   387 | D:1      | Reached XP level 2. HP: 19/19 MP: 0/5
   421 | D:1      | Learned a level 2 spell: Throw Flame
  1189 | D:2      | Gained mutation: You are partially covered in thin metallic scales. (AC +2) [demonic ancestry]
  1189 | D:2      | Reached XP level 3. HP: 13/24 MP: 0/6
  1497 | D:2      | Noticed Terence
  1551 | D:2      | HP: 1/24 [worm (3)]
  1861 | D:2      | Learned a level 3 spell: Conjure Flame
  2190 | D:2      | Killed Terence
  2455 | D:2      | Gained mutation: You are mostly covered in thin metallic scales. (AC +3) [demonic ancestry]
  2455 | D:2      | Reached XP level 4. HP: 30/30 MP: 4/8
  2914 | D:3      | Found a sacrificial altar of Ru.
  3076 | D:3      | Reached skill level 3 in Spellcasting
  3200 | D:3      | Reached XP level 5. HP: 34/36 MP: 3/9
  3240 | D:3      | Reached skill level 1 in Short Blades
  3665 | D:4      | Noticed an ogre
  3679 | D:4      | Learned a level 3 spell: Inner Flame
  4036 | D:4      | Noticed an ogre
  4185 | D:4      | Killed an ogre
  4185 | D:4      | Reached XP level 6. HP: 42/42 MP: 3/11
  4264 | D:4      | Found a radiant altar of Vehumet.
  4304 | D:4      | Became a worshipper of Vehumet
  4332 | D:4      | Found a basalt altar of Yredelemnul.
  4332 | D:4      | Found an iron altar of Okawaru.
  4332 | D:4      | Found a deep blue altar of Sif Muna.
  4334 | D:4      | Found a shattered altar of Ashenzari.
  4429 | D:4      | Reached skill level 1 in Fighting
  4505 | D:4      | Reached skill level 4 in Spellcasting
  4572 | D:4      | Gained mutation: You have a pair of horns on your head. [demonic ancestry]
  4572 | D:4      | Reached XP level 7. HP: 33/48 MP: 2/13
  5191 | D:5      | Entered Level 5 of the Dungeon
  5474 | D:5      | Found a staircase to the Ecumenical Temple.
  5485 | Temple   | Entered the Ecumenical Temple
  5510 | D:5      | Learned a level 1 spell: Animate Skeleton
  5545 | D:5      | Reached skill level 5 in Fire Magic
  5581 | D:5      | Noticed Menkaure
  5603 | D:5      | Noticed Dowan
  5604 | D:5      | Noticed Duvessa
  5636 | D:5      | Killed Duvessa
  5719 | D:5      | Killed Menkaure
  6013 | D:5      | Reached skill level 5 in Spellcasting
  6212 | D:5      | Reached XP level 8. HP: 54/54 MP: 11/15
  6325 | D:5      | Killed Dowan
  6897 | D:6      | Reached * piety under Vehumet
  6897 | D:6      | Offered knowledge of Sting by Vehumet.
  6996 | D:6      | Learned a level 1 spell: Sting
  7590 | D:6      | Reached skill level 1 in Armour
  8364 | D:7      | Gained mutation: Your flesh is cold resistant. (rC+) [demonic ancestry]
  8364 | D:7      | Reached XP level 9. HP: 21/59 MP: 7/17
  8782 | D:7      | Reached skill level 6 in Spellcasting
  9587 | D:7      | Reached skill level 5 in Dodging
 10224 | D:7      | Offered knowledge of Sandblast by Vehumet.
 10234 | D:7      | Learned a level 4 spell: Sticky Flame
 10276 | D:7      | Reached ** piety under Vehumet
 10357 | D:8      | Paralysed by a hornet for 3 turns
 10365 | D:7      | Paralysed by a hornet for 2 turns
 10683 | D:8      | Reached skill level 5 in Conjurations
 11218 | D:8      | Noticed an elephant
 11436 | D:7      | Killed an elephant
 11436 | D:7      | Reached skill level 7 in Spellcasting
 11436 | D:7      | Reached XP level 10. HP: 47/67 MP: 11/20
 11632 | D:8      | Found a staircase to the Lair.
 12394 | D:8      | Found a hazy altar of Hepliaklqana.
 12795 | D:8      | Found a glowing golden altar of the Shining One.
 12948 | D:9      | Found a shimmering altar of Xom.
 12978 | D:9      | Found a blossoming altar of Fedhas.
 12982 | D:9      | Found an opulent altar of Gozag.
 13011 | D:9      | Reached skill level 1 in Hexes
 13278 | D:9      | Offered knowledge of Static Discharge by Vehumet.
 13286 | D:9      | Learned a level 3 spell: Static Discharge
 13350 | D:9      | Found a white marble altar of Elyvilon.
 13398 | D:9      | Found a basalt altar of Yredelemnul.
 13631 | D:10     | Entered Level 10 of the Dungeon
 13640 | D:10     | Reached skill level 1 in Necromancy
 13685 | D:10     | Reached *** piety under Vehumet
 13799 | D:10     | Reached skill level 8 in Spellcasting
 14045 | D:10     | HP: 2/67 [orc warrior/poisoned tomahawk (18)]
 14518 | D:10     | Noticed a two-headed ogre
 14665 | D:10     | Found a staircase to the Orcish Mines.
 14735 | D:10     | Offered knowledge of Force Lance by Vehumet.
 14746 | D:10     | Noticed a two-headed ogre
 14848 | D:10     | Learned a level 5 spell: Fireball
 14972 | D:10     | Noticed Harold
 14988 | D:10     | Killed a two-headed ogre
 15290 | D:10     | Killed a two-headed ogre
 15290 | D:10     | Gained mutation: A weak demonic guardian rushes to your aid. [demonic ancestry]
 15290 | D:10     | Reached XP level 11. HP: 67/72 MP: 7/23
 15292 | D:10     | Noticed Snorg
 15529 | D:10     | Killed Harold
 15733 | D:10     | Killed Snorg
 15733 | D:10     | Reached **** piety under Vehumet
 15820 | D:10     | Learned a level 4 spell: Force Lance
 15903 | Orc:1    | Entered Level 1 of the Orcish Mines
 15918 | Orc:1    | Noticed a stone giant
 16070 | D:11     | Noticed a two-headed ogre
 16508 | D:10     | Offered knowledge of Iskenderun's Battlesphere by Vehumet.
 17083 | D:10     | Reached skill level 9 in Spellcasting
 17241 | D:10     | Mangled by a two-headed ogre

Skill      XL: |  1  2  3  4  5  6  7  8  9 10 11 |
---------------+----------------------------------+-----
Fire Magic     | 3 4 5 7 8 |  8.2
Spellcasting   | 3 4 5 7 8 9 |  9.0
Dodging        | 2 3 4 5 6 |  6.6
Stealth        | 2 3 |  3.0
Short Blades   | 1 2 3 4 |  4.8
Fighting       | 1 2 |  2.2
Conjurations   | 2 3 5 7 |  7.6
Armour         | 1 2 |  2.9
Hexes          | 1 |  1.7
Necromancy     | 1 |  1.6
Unarmed Combat | |  0.3
Air Magic      | |  0.1
Poison Magic   | |  0.2

Action                   |  1- 3 |  4- 6 |  7- 9 | 10-12 || total
-------------------------+-------+-------+-------+-------++-------
Melee: Unarmed           |    16 |       |       |       ||    16
       Dagger            |    31 |       |       |       ||    31
       Rapier            |    18 |    56 |   237 |   163 ||   474
       Headbutt          |     6 |     7 |    33 |    22 ||    68
       Punch             |       |       |     1 |       ||     1
Throw: Stone             |       |     3 |    26 |     1 ||    30
 Cast: Flame Tongue      |    34 |    40 |   140 |   139 ||   353
       Throw Flame       |    14 |    26 |    71 |    67 ||   178
       Conjure Flame     |     1 |     1 |     8 |     6 ||    16
       Animate Skeleton  |       |       |     7 |    15 ||    22
       Inner Flame       |       |       |     6 |     8 ||    14
       Sting             |       |       |     4 |     3 ||     7
       Sticky Flame      |       |       |     3 |    18 ||    21
       Fireball          |       |       |       |    14 ||    14
       Static Discharge  |       |       |       |     3 ||     3
       Force Lance       |       |       |       |     5 ||     5
  Use: Scroll            |       |    15 |     8 |     5 ||    28
       Potion            |       |     4 |     4 |     2 ||    10
 Stab: Sleeping          |       |     2 |     1 |     1 ||     4
       Distracted        |       |       |     1 |     1 ||     2
  Eat: Royal jelly       |     1 |       |     3 |     3 ||     7
       Chunk             |     4 |     8 |    10 |    13 ||    35
       Fruit             |       |       |     9 |       ||     9
       Meat ration       |       |       |       |     1 ||     1
Armor: Robe              |    16 |    14 |    30 |       ||    60
       Leather armour    |       |       |    92 |    67 ||   159
Dodge: Dodged            |    54 |    43 |   224 |   181 ||   502
